Staline vs Carnivores
Created - June 3, 2017 at 11:32
Goals
|
| Staline |
0 |
1 |
2 |
1 |
4 |
| Carnivores |
1 |
2 |
0 |
0 |
3 |
|
Shots
|
| Staline |
8 |
16 |
5 |
1 |
30 |
| Carnivores |
19 |
6 |
9 |
0 |
34 |
|
1st period
1. Carnivores , Markus Granlund 1 (Bobby Sanguinetti 4, Lane MacDermid 1) at 18:33
Penalties :
Steve Begin (Bre) for Roughing (Minor) at 7:31, Steven Goertzen (StJ) for Interference (Minor) at 18:40
2nd period
2. Carnivores , Brendan Gallagher 2 (Anton Gustafsson 6, Blake Geoffrion 2) at 1:37 (PP)
3. Carnivores , Blake Geoffrion 8 (Anton Gustafsson 7, Jeremy Williams 2) at 3:29
4. Staline , Matt Pettinger 4 (Steven Goertzen 4, David Kolomatis 1) at 9:54
Penalties :
Brandon Burlon (StJ) for Interference (Minor) at 0:52
3rd period
5. Staline , Steven Goertzen 2 (Matt Pettinger 3) at 5:06
6. Staline , Keith Yandle 1 (Matt Pettinger 4) at 16:40 (PP)
Penalties :
Brendan Gallagher (Bre) for High sticking (Minor) at 11:43, Lane MacDermid (Bre) for Slashing (Minor) at 16:28
Overtime #1
7. Staline , Steven Goertzen 3 (Matt Pettinger 5, Keith Yandle 4) at 0:17
Penalties :
No Penalty
Goalie Stats
Allen York (StJ), 31 saves from 34 shots - (0.912), W, 2-1-1, 60:17 minutes
Erik Ersberg (Bre), 26 saves from 30 shots - (0.867), OTL, 0-0-2, 60:17 minutes
Players Stats for Staline
Player Name G A P +/- PIM S H SB GA TA FO MP PP MP PK MP
------------------------------------------------------------------------------------
Aaron Ness 0 0 0 -1 0 0 0 1 1 1 0/0 11:15 0:00 0:00
Andrey Pedan 0 0 0 0 0 0 0 0 0 0 0/0 6:29 0:00 0:00
Barclay Goodrow 0 0 0 0 0 1 2 0 0 0 0/1 13:58 0:00 0:00
Brandon Burlon 0 0 0 1 2 0 1 5 0 0 0/0 18:24 1:41 0:51
Brandon Mashinter 0 0 0 0 0 0 0 0 0 0 0/0 0:00 0:00 0:00
Bryan Bickell 0 0 0 0 0 0 0 0 0 0 0/0 8:47 0:00 1:33
Cody Eakin 0 0 0 1 0 1 2 1 0 0 17/27 19:40 2:03 0:58
Corey Trivino 0 0 0 0 0 1 0 0 0 0 6/13 18:09 2:07 0:00
Danny Kristo 0 0 0 0 0 0 0 0 0 0 0/0 0:13 0:00 0:00
David Kolomatis 0 1 1 -1 0 0 0 1 0 1 0/0 11:15 0:00 0:00
David Musil 0 0 0 0 0 0 0 0 0 0 0/0 0:00 0:00 0:00
Dustin Kohn 0 0 0 0 0 0 0 0 0 0 0/0 0:00 0:00 0:00
James Sheppard 0 0 0 0 0 4 2 1 0 0 0/0 14:59 0:00 0:00
Jiri Sekac 0 0 0 0 0 0 0 0 0 0 0/1 3:54 0:03 0:26
Jordan Caron 0 0 0 0 0 1 1 0 0 0 0/0 18:32 2:07 0:00
Keith Yandle 1 1 2 1 0 4 3 1 0 2 0/0 24:08 2:29 1:53
Mark Mitera 0 0 0 0 0 0 0 0 0 0 0/0 0:00 0:00 0:00
Matt Pettinger 1 3 4 1 0 8 0 0 0 1 1/3 24:22 2:00 1:46
Mike Reilly 0 0 0 0 0 0 0 0 0 0 0/0 6:29 0:00 0:00
Nick Spaling 0 0 0 0 0 1 0 1 2 0 0/0 18:44 2:07 0:32
Nikita Nesterov 0 0 0 0 0 0 0 0 0 0 0/0 0:00 0:00 0:00
Peter Holland 0 0 0 0 0 2 3 0 2 0 0/4 13:58 0:00 0:00
Philip Larsen 0 0 0 1 0 0 0 0 0 0 0/0 18:25 1:41 0:51
Steven Goertzen 2 1 3 1 2 4 1 1 0 0 2/2 22:50 2:03 0:13
Stu Bickel 0 0 0 1 0 3 3 2 0 0 0/0 24:08 2:29 1:53
Players Stats for Carnivores
Player Name G A P +/- PIM S H SB GA TA FO MP PP MP PK MP
------------------------------------------------------------------------------------
Anton Gustafsson 0 2 2 0 0 1 2 0 0 1 12/25 18:56 1:47 0:25
Blake Geoffrion 1 1 2 0 0 3 2 1 0 0 1/2 19:25 1:47 0:50
Bobby Sanguinetti 0 1 1 -1 0 4 1 0 0 0 0/0 25:16 2:04 2:33
Brendan Gallagher 1 0 1 0 2 1 2 0 1 0 1/1 19:51 1:47 1:16
Chris Lawrence 0 0 0 0 0 3 0 0 1 0 0/0 15:15 0:00 0:25
Colton Orr 0 0 0 0 0 0 0 0 0 0 0/0 1:14 0:57 0:00
David Schlemko 0 0 0 0 0 2 0 0 0 0 0/0 11:18 0:00 0:00
Frederic St-Denis 0 0 0 0 0 0 1 0 0 0 0/0 5:36 0:00 0:00
Jeremy Welsh 0 0 0 -2 0 3 2 0 0 0 0/0 13:17 0:00 0:09
Jeremy Williams 0 1 1 -2 0 5 0 0 0 0 0/0 13:08 0:00 0:00
Josh Manson 0 0 0 0 0 0 3 0 0 0 0/0 12:57 0:00 1:37
Lane MacDermid 0 1 1 1 2 3 2 0 1 0 0/0 10:23 0:00 1:30
Mark McNeill 0 0 0 1 0 0 0 0 0 1 0/0 8:38 0:00 0:00
Markus Granlund 1 0 1 1 0 3 0 0 0 0 2/7 10:14 0:00 1:54
Mat Clark 0 0 0 0 0 0 1 0 0 1 0/0 16:28 0:40 0:00
Mattias Backman 0 0 0 0 0 0 0 0 0 0 0/0 5:36 0:00 0:00
Nate Schmidt 0 0 0 -1 0 0 0 4 0 0 0/0 25:16 2:04 2:33
Sasha Pokulok 0 0 0 0 0 1 1 0 2 2 0/0 18:07 0:40 1:37
Steve Begin 0 0 0 0 2 2 3 0 0 0 2/2 16:52 0:57 1:14
Vernon Fiddler 0 0 0 -2 0 3 2 0 0 0 4/5 13:08 0:00 0:00
Zack Smith 0 0 0 0 0 0 1 0 0 0 3/9 16:17 0:57 0:37
3 Stars
1 - Matt Pettinger (StJ)
2 - Steven Goertzen (StJ)
3 - Keith Yandle (StJ)
Power Play
Staline - 1 on 3 Attempt(s) - 33.33%
Carnivores - 1 on 2 Attempt(s) - 50.00%
Penalty Kill
Staline - 1 on 2 Attempt(s) - 50.00%
- Score 0 goal in Penalty Kill
Carnivores - 2 on 3 Attempt(s) - 66.67%
- Score 0 goal in Penalty Kill
Team Stat
Staline - Hits : 18 - Faceoff Wins : 26 - Blocked Shots : 14 - Penalty Minutes : 4
Carnivores - Hits : 23 - Faceoff Wins : 25 - Blocked Shots : 5 - Penalty Minutes : 6
Official
Referees : StPierre Justin and O'Halloran Dan
Linesman : Mike Cvik and Jay Sharrers
Game Notes
No Game Note
Finance
Level 1 -- Attendance: 1774 (88.70%) -- Ticket Income $70,960
Level 2 -- Attendance: 792 (79.20%) -- Ticket Income $15,840
Total Attendance: 2566 (85.53%)
Total Ticket Income: $86,800
Other Income: $4,340
Total Income: $91,140
Staline
5 vs 5 Forward
Center Left Wing Right Wing Time % Phy DF OF
1 Cody Eakin Matt Pettinger Steven Goertzen 40 1 2 2
2 Corey Trivino Nick Spaling Jordan Caron 30 1 2 2
3 Peter Holland James Sheppard Barclay Goodrow 20 1 2 2
4 Matt Pettinger Bryan Bickell Steven Goertzen 10 1 2 2
5 vs 5 Defense
Defense Defense Time % Phy DF OF
1 Stu Bickel Keith Yandle 40 1 2 2
2 Brandon Burlon Philip Larsen 30 1 2 2
3 David Kolomatis Aaron Ness 20 1 2 2
4 Andrey Pedan Mike Reilly 10 1 2 2
PowerPlay Forward
Center Left Wing Right Wing Time % Phy DF OF
1 Cody Eakin Matt Pettinger Steven Goertzen 60 1 2 2
2 Corey Trivino Nick Spaling Jordan Caron 40 1 2 2
PowerPlay Defense
Defense Defense Time % Phy DF OF
1 Stu Bickel Keith Yandle 60 1 2 2
2 Brandon Burlon Philip Larsen 40 1 2 2
Penalty Kill 4 Players Forward
Center Wing Time % Phy DF OF
1 Matt Pettinger Steven Goertzen 60 1 2 2
2 Nick Spaling Cody Eakin 40 1 2 2
Penalty Kill 4 Players Defense
Defense Defense Time % Phy DF OF
1 Stu Bickel Keith Yandle 60 1 2 2
2 Brandon Burlon Philip Larsen 40 1 2 2
Penalty Kill - 3 Players Forward
Forward Time % Phy DF OF
1 Matt Pettinger 60 1 2 2
2 Steven Goertzen 40 1 2 2
Penalty Kill - 3 Players Defense
Defense Defense Time % Phy DF OF
1 Stu Bickel Keith Yandle 60 1 2 2
2 Brandon Burlon Philip Larsen 40 1 2 2
4 vs 4 Forward
Center Wing Time % Phy DF OF
1 Matt Pettinger Steven Goertzen 60 1 2 2
2 Nick Spaling Cody Eakin 40 1 2 2
4 vs 4 Defense
Defense Defense Time % Phy DF OF
1 Stu Bickel Keith Yandle 60 1 2 2
2 Brandon Burlon Philip Larsen 40 1 2 2
Last Minutes Offensive
Center Left Wing Right Wing Defense Defense
Cody Eakin Matt Pettinger Steven Goertzen Stu Bickel Keith Yandle
Last Minutes Defensive
Center Left Wing Right Wing Defense Defense
Cody Eakin Matt Pettinger Steven Goertzen Stu Bickel Keith Yandle
Goaltenders
Starting : Allen York
Backup : Joni Ortio
Extra Forwards
Normal : Jiri Sekac, James Sheppard, Bryan Bickell - PP : Jiri Sekac, James Sheppard - PK : Bryan Bickell
Extra Defensemen
Normal : Nikita Nesterov, David Musil, David Kolomatis - PP : Nikita Nesterov - PK : David Musil, David Kolomatis
Penalty Shots
Matt Pettinger, Steven Goertzen, Nick Spaling, Cody Eakin, James Sheppard
Scratches
David Desharnais (Torn Left Knee Ligaments Injury)
Carnivores
5 vs 5 Forward
Center Left Wing Right Wing Time % Phy DF OF
1 Anton Gustafsson Blake Geoffrion Brendan Gallagher 40 1 2 2
2 Zack Smith Steve Begin Chris Lawrence 30 1 2 2
3 Vernon Fiddler Jeremy Welsh Jeremy Williams 20 1 2 2
4 Markus Granlund Lane MacDermid Mark McNeill 10 1 2 2
5 vs 5 Defense
Defense Defense Time % Phy DF OF
1 Bobby Sanguinetti Nate Schmidt 40 1 2 2
2 Mat Clark Sasha Pokulok 30 1 2 2
3 David Schlemko Josh Manson 20 1 2 2
4 Mattias Backman Frederic St-Denis 10 1 2 2
PowerPlay Forward
Center Left Wing Right Wing Time % Phy DF OF
1 Anton Gustafsson Blake Geoffrion Brendan Gallagher 60 1 2 2
2 Zack Smith Steve Begin Colton Orr 40 1 2 2
PowerPlay Defense
Defense Defense Time % Phy DF OF
1 Bobby Sanguinetti Nate Schmidt 60 1 2 2
2 Mat Clark Sasha Pokulok 40 1 2 2
Penalty Kill 4 Players Forward
Center Wing Time % Phy DF OF
1 Steve Begin Brendan Gallagher 60 1 2 2
2 Anton Gustafsson Chris Lawrence 40 1 2 2
Penalty Kill 4 Players Defense
Defense Defense Time % Phy DF OF
1 Bobby Sanguinetti Nate Schmidt 60 1 2 2
2 Josh Manson Sasha Pokulok 40 1 2 2
Penalty Kill - 3 Players Forward
Forward Time % Phy DF OF
1 Steve Begin 60 1 2 2
2 Chris Lawrence 40 1 2 2
Penalty Kill - 3 Players Defense
Defense Defense Time % Phy DF OF
1 Bobby Sanguinetti Nate Schmidt 60 1 2 2
2 Josh Manson Sasha Pokulok 40 1 2 2
4 vs 4 Forward
Center Wing Time % Phy DF OF
1 Steve Begin Brendan Gallagher 60 1 2 2
2 Anton Gustafsson Chris Lawrence 40 1 2 2
4 vs 4 Defense
Defense Defense Time % Phy DF OF
1 Bobby Sanguinetti Nate Schmidt 60 1 2 2
2 Mat Clark Sasha Pokulok 40 1 2 2
Last Minutes Offensive
Center Left Wing Right Wing Defense Defense
Anton Gustafsson Blake Geoffrion Brendan Gallagher Bobby Sanguinetti Nate Schmidt
Last Minutes Defensive
Center Left Wing Right Wing Defense Defense
Anton Gustafsson Steve Begin Chris Lawrence Sasha Pokulok Nate Schmidt
Goaltenders
Starting : Erik Ersberg
Backup : Antti Raanta
Extra Forwards
Normal : Mark McNeill, Steve Begin, Lane MacDermid - PP : Colton Orr, Mark McNeill - PK : Steve Begin
Extra Defensemen
Normal : Nate Schmidt, David Schlemko, Josh Manson - PP : Nate Schmidt - PK : David Schlemko, Josh Manson
Penalty Shots
Jeremy Welsh, Brendan Gallagher, Blake Geoffrion, Anton Gustafsson, Markus Granlund
Scratches
Chris Butler (Healthy), Adam Almquist (Healthy), Kenneth Agostino (Healthy), Stanislav Galiev (Healthy), Mark MacMillan (Healthy)
Tyler Graovac (Healthy), Patrick McNeill (Healthy), Michael Schumacher (Healthy), Zach Jones (Healthy), Christopher DiDomenico (Healthy)
% Time on Ice - Staline
Lines # - Real PCT - Wanted PCT - Time Play
Normal Forward
1 - 32% - 40% - 17:20
2 - 31% - 30% - 16:37
3 - 26% - 20% - 13:58
4 - 10% - 10% - 5:28
Normal Defense
1 - 37% - 40% - 19:46
2 - 30% - 30% - 15:53
3 - 21% - 20% - 11:15
4 - 12% - 10% - 6:29
PP Forward
1 - 49% - 60% - 2:03
2 - 51% - 40% - 2:07
PP Defense
1 - 60% - 60% - 2:29
2 - 40% - 40% - 1:41
PK Forward
1 - 80% - 60% - 2:12
2 - 20% - 40% - 0:32
PK Defense
1 - 69% - 60% - 1:53
2 - 31% - 40% - 0:51
PK3 Forward
1 - 0% - 60%
2 - 0% - 40%
PK3 Defense
1 - 0% - 60%
2 - 0% - 40%
44 Forward
1 - 0% - 60%
2 - 0% - 40%
44 Defense
1 - 0% - 60%
2 - 0% - 40%
Last Minute Offensive - 0:00
Last Minute Defensive - 0:00
Total
Forward - 60:17
Defense - 60:17
|
% Time on Ice - Carnivores
Lines # - Real PCT - Wanted PCT - Time Play
Normal Forward
1 - 33% - 40% - 17:25
2 - 28% - 30% - 14:42
3 - 25% - 20% - 13:08
4 - 15% - 10% - 8:08
Normal Defense
1 - 39% - 40% - 20:39
2 - 30% - 30% - 15:50
3 - 21% - 20% - 11:18
4 - 10% - 10% - 5:36
PP Forward
1 - 65% - 60% - 1:47
2 - 35% - 40% - 0:57
PP Defense
1 - 76% - 60% - 2:04
2 - 24% - 40% - 0:40
PK Forward
1 - 90% - 60% - 3:45
2 - 10% - 40% - 0:25
PK Defense
1 - 61% - 60% - 2:33
2 - 39% - 40% - 1:37
PK3 Forward
1 - 0% - 60%
2 - 0% - 40%
PK3 Defense
1 - 0% - 60%
2 - 0% - 40%
44 Forward
1 - 0% - 60%
2 - 0% - 40%
44 Defense
1 - 0% - 60%
2 - 0% - 40%
Last Minute Offensive - 0:00
Last Minute Defensive - 0:00
Total
Forward - 60:17
Defense - 60:17
|
Play by Play
1st period
0:01 of 1st period - Anton Gustafsson wins face-off versus Cody Eakin in neutral zone.
0:49 of 1st period - Wrist shot by Jeremy Welsh.
0:49 of 1st period - Stopped by Allen York without a rebound.
0:50 of 1st period - Markus Granlund wins face-off versus Peter Holland in Staline zone.
0:53 of 1st period - Slapshot by David Schlemko.
0:53 of 1st period - Shot Blocked by Brandon Burlon.
1:45 of 1st period - Snap shot by Nick Spaling.
1:45 of 1st period - Stopped by Erik Ersberg with a rebound.
2:01 of 1st period - Jeremy Williams is hit by Peter Holland and loses puck.
2:48 of 1st period - Icing by Peter Holland.
2:49 of 1st period - Zack Smith wins face-off versus Barclay Goodrow in Staline zone.
2:56 of 1st period - Snap shot by Chris Lawrence.
2:56 of 1st period - Stopped by Allen York without a rebound.
2:57 of 1st period - Cody Eakin wins face-off versus Anton Gustafsson in Staline zone.
3:21 of 1st period - Icing by Jordan Caron.
3:22 of 1st period - Vernon Fiddler wins face-off versus Corey Trivino in Staline zone.
3:33 of 1st period - Wrist shot by Jeremy Williams.
3:33 of 1st period - Stopped by Allen York with a rebound.
3:35 of 1st period - Wrist shot by Jeremy Williams.
3:35 of 1st period - Stopped by Allen York with a rebound.
3:37 of 1st period - Wrist shot by Jeremy Williams.
3:37 of 1st period - Deflect By Jeremy Welsh.
3:37 of 1st period - Stopped by Allen York without a rebound.
3:38 of 1st period - Cody Eakin wins face-off versus Anton Gustafsson in Staline zone.
3:52 of 1st period - Snap shot by Blake Geoffrion.
3:52 of 1st period - Shot Hit the Post.
4:08 of 1st period - Wrist shot by Steven Goertzen.
4:08 of 1st period - Stopped by Erik Ersberg without a rebound.
4:09 of 1st period - Corey Trivino wins face-off versus Zack Smith in Carnivores zone.
4:16 of 1st period - Wrist shot by Jordan Caron.
4:16 of 1st period - Stopped by Erik Ersberg without a rebound.
4:17 of 1st period - Corey Trivino wins face-off versus Zack Smith in Carnivores zone.
4:17 of 1st period - Keith Yandle is hit by Josh Manson and loses puck.
4:20 of 1st period - Snap shot by Corey Trivino.
4:20 of 1st period - Stopped by Erik Ersberg without a rebound.
4:21 of 1st period - Cody Eakin wins face-off versus Zack Smith in Carnivores zone.
4:30 of 1st period - Snap shot by Cody Eakin.
4:30 of 1st period - Stopped by Erik Ersberg without a rebound.
4:31 of 1st period - Steven Goertzen wins face-off versus Zack Smith in Carnivores zone.
5:18 of 1st period - Snap shot by Chris Lawrence.
5:18 of 1st period - Stopped by Allen York with a rebound.
5:20 of 1st period - Wrist shot by Bobby Sanguinetti.
5:20 of 1st period - Stopped by Allen York without a rebound.
5:21 of 1st period - Anton Gustafsson wins face-off versus Corey Trivino in Staline zone.
5:34 of 1st period - Wrist shot by Blake Geoffrion.
5:34 of 1st period - Stopped by Allen York with a rebound.
5:53 of 1st period - Vernon Fiddler is hit by James Sheppard and loses puck.
7:31 of 1st period - Minor Penalty to Steve Begin for Roughing.
7:32 of 1st period - Cody Eakin wins face-off versus Markus Granlund in Carnivores zone.
7:33 of 1st period - Wrist shot by Matt Pettinger.
7:33 of 1st period - Stopped by Erik Ersberg with a rebound.
7:35 of 1st period - Wrist shot by Matt Pettinger.
7:35 of 1st period - Shot Misses the Net.
7:37 of 1st period - Slapshot by Matt Pettinger.
7:37 of 1st period - Stopped by Erik Ersberg with a rebound.
7:39 of 1st period - Slapshot by Stu Bickel.
7:39 of 1st period - Deflect By Brendan Gallagher.
7:39 of 1st period - Stopped by Erik Ersberg without a rebound.
7:40 of 1st period - Cody Eakin wins face-off versus Markus Granlund in Carnivores zone.
8:35 of 1st period - Sasha Pokulok is hit by Steven Goertzen and loses puck.
9:31 of 1st period - Penalty to Steve Begin is over, Steve Begin is back on ice.
9:46 of 1st period - Frederic St-Denis is hit by Keith Yandle and loses puck.
10:34 of 1st period - Nick Spaling is hit by Bobby Sanguinetti and loses puck.
10:53 of 1st period - Snap shot by Vernon Fiddler.
10:53 of 1st period - Stopped by Allen York with a rebound.
11:07 of 1st period - James Sheppard is hit by Blake Geoffrion and loses puck.
11:12 of 1st period - Wrist shot by Anton Gustafsson.
11:12 of 1st period - Shot Blocked by Brandon Burlon.
11:49 of 1st period - Snap shot by Chris Lawrence.
11:49 of 1st period - Stopped by Allen York with a rebound.
12:35 of 1st period - Wrist shot by Jeremy Welsh.
12:35 of 1st period - Stopped by Allen York with a rebound.
13:25 of 1st period - Corey Trivino is hit by Frederic St-Denis and loses puck.
13:46 of 1st period - Wrist shot by Lane MacDermid.
13:46 of 1st period - Stopped by Allen York with a rebound.
14:34 of 1st period - Slapshot by Brendan Gallagher.
14:34 of 1st period - Shot Misses the Net.
14:36 of 1st period - Wrist shot by Anton Gustafsson.
14:36 of 1st period - Stopped by Allen York with a rebound.
14:38 of 1st period - Slapshot by Sasha Pokulok.
14:38 of 1st period - Stopped by Allen York with a rebound.
14:54 of 1st period - Keith Yandle is hit by Lane MacDermid and loses puck.
14:59 of 1st period - Snap shot by Lane MacDermid.
14:59 of 1st period - Shot Misses the Net.
15:01 of 1st period - Slapshot by Josh Manson.
15:01 of 1st period - Shot Blocked by Cody Eakin.
15:03 of 1st period - Snap shot by David Schlemko.
15:03 of 1st period - Stopped by Allen York with a rebound.
15:05 of 1st period - Slapshot by David Schlemko.
15:05 of 1st period - Stopped by Allen York with a rebound.
15:15 of 1st period - Barclay Goodrow is hit by Zack Smith and loses puck.
15:57 of 1st period - Wrist shot by Lane MacDermid.
15:57 of 1st period - Shot Blocked by Nick Spaling.
16:31 of 1st period - Jiri Sekac is hit by Vernon Fiddler.
16:39 of 1st period - Wrist shot by Vernon Fiddler.
16:39 of 1st period - Stopped by Allen York without a rebound.
16:40 of 1st period - Anton Gustafsson wins face-off versus Corey Trivino in Staline zone.
17:36 of 1st period - Off-side.
17:37 of 1st period - Cody Eakin wins face-off versus Markus Granlund in neutral zone.
17:49 of 1st period - Icing by Markus Granlund.
17:50 of 1st period - Corey Trivino wins face-off versus Markus Granlund in Carnivores zone.
18:29 of 1st period - Snap shot by Lane MacDermid.
18:29 of 1st period - Shot Blocked by Brandon Burlon.
18:31 of 1st period - Slapshot by Bobby Sanguinetti.
18:31 of 1st period - Stopped by Allen York with a rebound.
18:33 of 1st period - Wrist shot by Markus Granlund.
18:33 of 1st period - Goal by Markus Granlund - Staline : 0 - Carnivores : 1.
18:34 of 1st period - Anton Gustafsson wins face-off versus Cody Eakin in neutral zone.
18:40 of 1st period - Minor Penalty to Steven Goertzen for Interference.
18:41 of 1st period - Anton Gustafsson wins face-off versus Matt Pettinger in Staline zone.
Goals for this period are 0 for Staline vs 1 for Carnivores.
Shots for this period are 8 for Staline vs 19 for Carnivores.
2nd period
0:01 of 2nd period - Anton Gustafsson wins face-off versus Matt Pettinger in neutral zone.
0:36 of 2nd period - Matt Pettinger is hit by Steve Begin and loses puck.
0:40 of 2nd period - Penalty to Steven Goertzen is over, Steven Goertzen is back on ice.
0:52 of 2nd period - Minor Penalty to Brandon Burlon for Interference.
0:53 of 2nd period - Matt Pettinger wins face-off versus Anton Gustafsson in Staline zone.
1:33 of 2nd period - Snap shot by Anton Gustafsson.
1:33 of 2nd period - Shot Blocked by Stu Bickel.
1:35 of 2nd period - Wrist shot by Anton Gustafsson.
1:35 of 2nd period - Shot Blocked by Keith Yandle.
1:37 of 2nd period - Snap shot by Brendan Gallagher.
1:37 of 2nd period - Goal by Brendan Gallagher - Staline : 0 - Carnivores : 2.
1:38 of 2nd period - Zack Smith wins face-off versus Cody Eakin in neutral zone.
2:24 of 2nd period - Slapshot by Peter Holland.
2:24 of 2nd period - Stopped by Erik Ersberg with a rebound.
2:26 of 2nd period - Snap shot by Barclay Goodrow.
2:26 of 2nd period - Shot Misses the Net.
2:28 of 2nd period - Snap shot by James Sheppard.
2:28 of 2nd period - Stopped by Erik Ersberg with a rebound.
2:30 of 2nd period - Wrist shot by James Sheppard.
2:30 of 2nd period - Stopped by Erik Ersberg with a rebound.
2:32 of 2nd period - Slapshot by Brandon Burlon.
2:32 of 2nd period - Shot Blocked by Nate Schmidt.
2:46 of 2nd period - Lane MacDermid is hit by Keith Yandle and loses puck.
3:02 of 2nd period - Steve Begin is hit by Stu Bickel and loses puck.
3:27 of 2nd period - Wrist shot by Blake Geoffrion.
3:27 of 2nd period - Shot Misses the Net.
3:29 of 2nd period - Snap shot by Blake Geoffrion.
3:29 of 2nd period - Goal by Blake Geoffrion - Staline : 0 - Carnivores : 3.
3:30 of 2nd period - Cody Eakin wins face-off versus Anton Gustafsson in neutral zone.
3:35 of 2nd period - Snap shot by Keith Yandle.
3:35 of 2nd period - Stopped by Erik Ersberg without a rebound.
3:36 of 2nd period - Anton Gustafsson wins face-off versus Cody Eakin in Carnivores zone.
5:22 of 2nd period - Zack Smith is hit by Peter Holland and loses puck.
8:16 of 2nd period - Stu Bickel is hit by Anton Gustafsson and loses puck.
8:28 of 2nd period - Off-side.
8:29 of 2nd period - Steven Goertzen wins face-off versus Markus Granlund in neutral zone.
8:31 of 2nd period - Off-side.
8:32 of 2nd period - Markus Granlund wins face-off versus Jiri Sekac in neutral zone.
8:41 of 2nd period - Slapshot by Markus Granlund.
8:41 of 2nd period - Stopped by Allen York without a rebound.
8:42 of 2nd period - Corey Trivino wins face-off versus Anton Gustafsson in Staline zone.
8:57 of 2nd period - Nick Spaling is hit by Anton Gustafsson and loses puck.
9:12 of 2nd period - Wrist shot by Matt Pettinger.
9:12 of 2nd period - Shot Misses the Net.
9:14 of 2nd period - Slapshot by Keith Yandle.
9:14 of 2nd period - Shot Misses the Net.
9:18 of 2nd period - Snap shot by Matt Pettinger.
9:18 of 2nd period - Stopped by Erik Ersberg with a rebound.
9:20 of 2nd period - Snap shot by Matt Pettinger.
9:20 of 2nd period - Shot Blocked by Nate Schmidt.
9:52 of 2nd period - Snap shot by Matt Pettinger.
9:52 of 2nd period - Stopped by Erik Ersberg with a rebound.
9:54 of 2nd period - Slapshot by Matt Pettinger.
9:54 of 2nd period - Goal by Matt Pettinger - Staline : 1 - Carnivores : 3.
9:55 of 2nd period - Cody Eakin wins face-off versus Anton Gustafsson in neutral zone.
10:09 of 2nd period - Anton Gustafsson is hit by Cody Eakin and loses puck.
11:32 of 2nd period - Wrist shot by Anton Gustafsson.
11:32 of 2nd period - Shot Blocked by Steven Goertzen.
11:34 of 2nd period - Wrist shot by Blake Geoffrion.
11:34 of 2nd period - Shot Misses the Net.
11:36 of 2nd period - Backhand shot by Bobby Sanguinetti.
11:36 of 2nd period - Shot Blocked by Aaron Ness.
11:38 of 2nd period - Snap shot by Bobby Sanguinetti.
11:38 of 2nd period - Stopped by Allen York with a rebound.
11:50 of 2nd period - Snap shot by Peter Holland.
11:50 of 2nd period - Shot Misses the Net.
11:56 of 2nd period - Snap shot by Peter Holland.
11:56 of 2nd period - Shot Blocked by Nate Schmidt.
12:34 of 2nd period - Wrist shot by Anton Gustafsson.
12:34 of 2nd period - Shot Misses the Net.
12:42 of 2nd period - Snap shot by Brendan Gallagher.
12:42 of 2nd period - Deflect By Blake Geoffrion.
12:42 of 2nd period - Shot Misses the Net.
12:42 of 2nd period - Puck is out of play.
12:43 of 2nd period - Zack Smith wins face-off versus Cody Eakin in Staline zone.
13:08 of 2nd period - Blake Geoffrion is hit by Jordan Caron and loses puck.
13:27 of 2nd period - Snap shot by Jeremy Williams.
13:27 of 2nd period - Shot Misses the Net.
13:29 of 2nd period - Wrist shot by Jeremy Williams.
13:29 of 2nd period - Stopped by Allen York without a rebound.
13:30 of 2nd period - Blake Geoffrion wins face-off versus Peter Holland in Staline zone.
13:37 of 2nd period - Snap shot by Blake Geoffrion.
13:37 of 2nd period - Shot Blocked by Stu Bickel.
14:14 of 2nd period - Wrist shot by Nick Spaling.
14:14 of 2nd period - Shot Misses the Net.
14:16 of 2nd period - Slapshot by Keith Yandle.
14:16 of 2nd period - Stopped by Erik Ersberg without a rebound.
14:17 of 2nd period - Vernon Fiddler wins face-off versus Corey Trivino in Carnivores zone.
14:51 of 2nd period - Corey Trivino is hit by Vernon Fiddler and loses puck.
15:03 of 2nd period - Off-side.
15:04 of 2nd period - Brendan Gallagher wins face-off versus Cody Eakin in neutral zone.
15:49 of 2nd period - Mat Clark is hit by Brandon Burlon and loses puck.
15:56 of 2nd period - Philip Larsen is hit by Sasha Pokulok and loses puck.
17:16 of 2nd period - Markus Granlund is hit by James Sheppard and loses puck.
17:31 of 2nd period - Snap shot by Steve Begin.
17:31 of 2nd period - Stopped by Allen York with a rebound.
17:33 of 2nd period - Snap shot by Zack Smith.
17:33 of 2nd period - Deflect By Chris Lawrence.
17:33 of 2nd period - Shot Misses the Net.
17:33 of 2nd period - Puck is out of play.
17:34 of 2nd period - Anton Gustafsson wins face-off versus Corey Trivino in Staline zone.
17:49 of 2nd period - Cody Eakin is hit by Brendan Gallagher and loses puck.
18:05 of 2nd period - Snap shot by Peter Holland.
18:05 of 2nd period - Deflect By Steve Begin.
18:05 of 2nd period - Stopped by Erik Ersberg with a rebound.
18:07 of 2nd period - Wrist shot by James Sheppard.
18:07 of 2nd period - Deflect By Barclay Goodrow.
18:07 of 2nd period - Stopped by Erik Ersberg with a rebound.
18:09 of 2nd period - Wrist shot by James Sheppard.
18:09 of 2nd period - Shot Misses the Net.
18:37 of 2nd period - Off-side.
18:38 of 2nd period - Vernon Fiddler wins face-off versus Peter Holland in neutral zone.
18:45 of 2nd period - Snap shot by Jeremy Williams.
18:45 of 2nd period - Deflect By Keith Yandle.
18:45 of 2nd period - Shot Misses the Net.
18:45 of 2nd period - Puck is out of play.
18:46 of 2nd period - Cody Eakin wins face-off versus Blake Geoffrion in Staline zone.
18:57 of 2nd period - Wrist shot by Matt Pettinger.
18:57 of 2nd period - Shot Misses the Net.
18:59 of 2nd period - Slapshot by Stu Bickel.
18:59 of 2nd period - Stopped by Erik Ersberg without a rebound.
19:00 of 2nd period - Cody Eakin wins face-off versus Anton Gustafsson in Carnivores zone.
19:05 of 2nd period - Snap shot by Steven Goertzen.
19:05 of 2nd period - Stopped by Erik Ersberg without a rebound.
19:06 of 2nd period - Cody Eakin wins face-off versus Anton Gustafsson in Carnivores zone.
19:09 of 2nd period - Wrist shot by Matt Pettinger.
19:09 of 2nd period - Shot Blocked by Blake Geoffrion.
19:11 of 2nd period - Slapshot by Stu Bickel.
19:11 of 2nd period - Deflect By Matt Pettinger.
19:11 of 2nd period - Stopped by Erik Ersberg with a rebound.
19:13 of 2nd period - Slapshot by Matt Pettinger.
19:13 of 2nd period - Stopped by Erik Ersberg with a rebound.
19:15 of 2nd period - Snap shot by Keith Yandle.
19:15 of 2nd period - Stopped by Erik Ersberg without a rebound.
19:16 of 2nd period - Cody Eakin wins face-off versus Anton Gustafsson in Carnivores zone.
19:30 of 2nd period - Off-side.
19:31 of 2nd period - Cody Eakin wins face-off versus Zack Smith in neutral zone.
19:34 of 2nd period - Snap shot by Matt Pettinger.
19:34 of 2nd period - Stopped by Erik Ersberg with a rebound.
19:58 of 2nd period - Anton Gustafsson is hit by Stu Bickel and loses puck.
Goals for this period are 1 for Staline vs 2 for Carnivores.
Shots for this period are 16 for Staline vs 6 for Carnivores.
3rd period
0:01 of 3rd period - Anton Gustafsson wins face-off versus Cody Eakin in neutral zone.
0:26 of 3rd period - David Schlemko is hit by Barclay Goodrow and loses puck.
0:37 of 3rd period - Snap shot by Peter Holland.
0:37 of 3rd period - Deflect By James Sheppard.
0:37 of 3rd period - Stopped by Erik Ersberg with a rebound.
0:51 of 3rd period - Snap shot by Jeremy Williams.
0:51 of 3rd period - Stopped by Allen York without a rebound.
0:52 of 3rd period - Corey Trivino wins face-off versus Vernon Fiddler in Staline zone.
1:03 of 3rd period - Off-side.
1:04 of 3rd period - Cody Eakin wins face-off versus Anton Gustafsson in neutral zone.
1:07 of 3rd period - Bobby Sanguinetti is hit by Keith Yandle.
1:29 of 3rd period - Jordan Caron is hit by Steve Begin and loses puck.
2:23 of 3rd period - Icing by Sasha Pokulok.
2:24 of 3rd period - Anton Gustafsson wins face-off versus Corey Trivino in Carnivores zone.
2:24 of 3rd period - Anton Gustafsson is hit by Stu Bickel.
2:57 of 3rd period - Slapshot by Peter Holland.
2:57 of 3rd period - Shot Blocked by Nate Schmidt.
3:01 of 3rd period - Snap shot by James Sheppard.
3:01 of 3rd period - Stopped by Erik Ersberg with a rebound.
3:03 of 3rd period - Backhand shot by Stu Bickel.
3:03 of 3rd period - Stopped by Erik Ersberg with a rebound.
4:07 of 3rd period - David Kolomatis is hit by Lane MacDermid and loses puck.
4:18 of 3rd period - Slapshot by Lane MacDermid.
4:18 of 3rd period - Stopped by Allen York without a rebound.
4:19 of 3rd period - Corey Trivino wins face-off versus Zack Smith in Staline zone.
4:44 of 3rd period - Keith Yandle is hit by Blake Geoffrion and loses puck.
4:53 of 3rd period - Brendan Gallagher is hit by Peter Holland and loses puck.
5:04 of 3rd period - Snap shot by Steven Goertzen.
5:04 of 3rd period - Shot Misses the Net.
5:06 of 3rd period - Slapshot by Steven Goertzen.
5:06 of 3rd period - Goal by Steven Goertzen - Staline : 2 - Carnivores : 3.
5:07 of 3rd period - Cody Eakin wins face-off versus Anton Gustafsson in neutral zone.
6:51 of 3rd period - Slapshot by Chris Lawrence.
6:51 of 3rd period - Shot Blocked by David Kolomatis.
7:07 of 3rd period - Snap shot by Vernon Fiddler.
7:07 of 3rd period - Stopped by Allen York with a rebound.
7:33 of 3rd period - Matt Pettinger is hit by Josh Manson and loses puck.
7:44 of 3rd period - Snap shot by Lane MacDermid.
7:44 of 3rd period - Shot Misses the Net.
8:51 of 3rd period - Bobby Sanguinetti is hit by Cody Eakin and loses puck.
8:58 of 3rd period - Cody Eakin is hit by Steve Begin and loses puck.
9:11 of 3rd period - Vernon Fiddler is hit by Barclay Goodrow and loses puck.
10:06 of 3rd period - Corey Trivino is hit by Brendan Gallagher.
10:16 of 3rd period - Brandon Burlon is hit by Josh Manson.
10:42 of 3rd period - Snap shot by Steve Begin.
10:42 of 3rd period - Stopped by Allen York with a rebound.
10:44 of 3rd period - Wrist shot by Mark McNeill.
10:44 of 3rd period - Shot Blocked by Brandon Burlon.
10:46 of 3rd period - Snap shot by Lane MacDermid.
10:46 of 3rd period - Stopped by Allen York with a rebound.
10:48 of 3rd period - Wrist shot by Markus Granlund.
10:48 of 3rd period - Shot Misses the Net.
11:43 of 3rd period - Minor Penalty to Brendan Gallagher for High sticking.
11:44 of 3rd period - Steve Begin wins face-off versus Corey Trivino in Carnivores zone.
12:40 of 3rd period - Snap shot by Markus Granlund.
12:40 of 3rd period - Stopped by Allen York with a rebound.
13:43 of 3rd period - Penalty to Brendan Gallagher is over, Brendan Gallagher is back on ice.
13:51 of 3rd period - Off-side.
13:52 of 3rd period - Vernon Fiddler wins face-off versus Peter Holland in neutral zone.
14:02 of 3rd period - David Kolomatis is hit by Jeremy Welsh and loses puck.
14:52 of 3rd period - Stu Bickel is hit by Mat Clark and loses puck.
15:38 of 3rd period - Snap shot by Chris Lawrence.
15:38 of 3rd period - Shot Blocked by Brandon Burlon.
16:12 of 3rd period - Snap shot by Jeremy Williams.
16:12 of 3rd period - Stopped by Allen York with a rebound.
16:14 of 3rd period - Wrist shot by Vernon Fiddler.
16:14 of 3rd period - Shot Blocked by James Sheppard.
16:16 of 3rd period - Slapshot by Mat Clark.
16:16 of 3rd period - Shot Misses the Net.
16:28 of 3rd period - Minor Penalty to Lane MacDermid for Slashing.
16:29 of 3rd period - Steve Begin wins face-off versus Cody Eakin in Carnivores zone.
16:40 of 3rd period - Slapshot by Keith Yandle.
16:40 of 3rd period - Goal by Keith Yandle - Staline : 3 - Carnivores : 3.
16:41 of 3rd period - Anton Gustafsson wins face-off versus Cody Eakin in neutral zone.
16:44 of 3rd period - Snap shot by Bobby Sanguinetti.
16:44 of 3rd period - Stopped by Allen York without a rebound.
16:45 of 3rd period - Anton Gustafsson wins face-off versus Cody Eakin in Staline zone.
16:46 of 3rd period - Snap shot by Blake Geoffrion.
16:46 of 3rd period - Stopped by Allen York with a rebound.
17:41 of 3rd period - Cody Eakin is hit by Jeremy Welsh and loses puck.
Goals for this period are 2 for Staline vs 0 for Carnivores.
Shots for this period are 5 for Staline vs 9 for Carnivores.
Overtime #1
0:01 of 1st overtime period - Cody Eakin wins face-off versus Anton Gustafsson in neutral zone.
0:03 of 1st overtime period - Off-side.
0:04 of 1st overtime period - Cody Eakin wins face-off versus Anton Gustafsson in neutral zone.
0:17 of 1st overtime period - Wrist shot by Steven Goertzen.
0:17 of 1st overtime period - Goal by Steven Goertzen - Staline : 4 - Carnivores : 3.
Goals for this period are 1 for Staline vs 0 for Carnivores.
Shots for this period are 1 for Staline vs 0 for Carnivores.
Back to the Top